AoeStats
← flagpies23

Arena

510278132Analyzed
2v2 RM · 8h ago on Sep 30, 2026· 48m 30s· 4 players
Game mode
Random Map
Map size
Medium (4 player)
Population
200
Speed
Normal
Resources
Standard
Victory
Conquest
Starting age
Dark Age
Ending age
Imperial Age
RankedLock teamsTeams togetherTeam positionsShared explorationLock speedFull tech treeHidden civsTurbo modeCheats
Victory
Defeat
🇦🇺 Danes · Australia
558
+17
🇦🇺 Turks · Australia
551
+17
🇹🇷 Inca · Türkiye
585
-17
🇦🇺 Teutons · Australia
575
-17
Feelex
10:36 Loom
12:36 Feudal Age
16:55 Castle Age
16:02 Wheelbarrow
15:26 Double-Bit Axe
18:13 Scale Barding Armor
18:10 Horse Collar
20:05 Bow Saw
31:01 Hand Cart
31:37 Bloodlines
31:27 Husbandry
31:52 Chain Barding Armor
31:44 Forging
31:47 Caravan
35:59 Imperial Age
43:16 Conscription
43:19 Sipahi
43:01 Artillery
43:45 Plate Barding Armor
43:46 Iron Casting
43:01 Fletching
43:12 Padded Archer Armor
44:52 Parthian Tactics
44:50 Thumb Ring
47:42 Heavy Cavalry Archer
Odium
9:51 Feudal Age
11:29 Loom
11:51 Horse Collar
11:58 Double-Bit Axe
17:21 Castle Age
15:59 Gold Mining
16:06 Double-Bit Axe
16:31 Horse Collar
18:37 Stone Mining
20:10 Stone Shaft Mining
19:58 Bow Saw
20:46 Heavy Plow
22:06 Caravan
25:26 Scale Mail Armor
28:39 Chain Mail Armor
28:34 Forging
30:37 Gold Shaft Mining
31:13 Fervor
31:53 Wheelbarrow
31:05 Town Watch
36:49 Imperial Age
35:47 Hand Cart
35:32 Town Patrol
37:05 Elite Jomsviking
37:07 Hamask
37:16 Hamask
38:48 Plate Mail Armor
38:54 Iron Casting
38:07 Northmen's Fury
43:40 Blast Furnace
mimisler43
11:25 Feudal Age
13:02 Wheelbarrow
12:22 Double-Bit Axe
14:14 Gold Mining
15:10 Horse Collar
22:36 Castle Age
20:28 Champi Runner
21:03 Arson
23:21 Heavy Plow
23:36 Bow Saw
22:56 Champi Warrior
25:04 Squires
24:29 Crossbowman
25:45 Caravan
26:58 Heavy Plow
28:41 Gold Shaft Mining
28:02 Stone Mining
28:49 Pikeman
30:12 Coinage
29:46 Scale Mail Armor
30:41 Stone Shaft Mining
31:56 Forging
32:01 Chain Mail Armor
31:38 Fletching
33:17 Iron Casting
33:51 Hand Cart
33:59 Chain Mail Armor
34:34 Bodkin Arrow
34:39 Padded Archer Armor
34:54 Thumb Ring
36:10 Andean Sling
39:44 Imperial Age
39:49 Elite Kamayuk
39:52 Elite Champi Warrior
39:54 Arbalester
41:08 Crop Rotation
41:04 Leather Archer Armor
42:05 Fabric Shields
42:40 Plate Mail Armor
43:11 Blast Furnace
42:55 Halberdier
flagpies23
10:15 Loom
14:40 Feudal Age
15:06 Double-Bit Axe
15:20 Horse Collar
15:59 Gold Mining
17:27 Wheelbarrow
21:37 Castle Age
20:37 Forging
22:38 Hand Cart
22:43 Heavy Plow
23:07 Bow Saw
28:44 Stone Mining
29:08 Scale Mail Armor
31:38 Fortified Wall
37:13 Imperial Age
36:02 Ironclad
36:20 Iron Casting
37:28 Chain Mail Armor
37:24 Capped Ram
40:55 Elite Teutonic Knight
43:53 Plate Mail Armor
44:29 Chemistry
45:26 Two-Man Saw
44:59 Crop Rotation
44:17 Town Watch
46:08 Blast Furnace
45:20 Onager
Connection lost

Rejoining the realm…

Still unreachable

The connection could not be restored.

Session expired

The server has moved on; the page needs a fresh start.